Penguins vs Rangers

Created - 4 décembre 2017 at 06:17

Goals
1 2 3 OT1 T
Penguins 0 2 1 0 3
Rangers 0 0 3 1 4
Shots
1 2 3 OT1 T
Penguins 7 7 20 0 34
Rangers 7 17 7 9 40

1st period

No Goal

Penalties :
Jason Spezza (NYR) for Slashing (Minor) at 8:59, Zdeno Chara (NYR) for Delaying the game (Minor) at 11:46

2nd period

1. Penguins , Benoit Pouliot 3 (Markus Granlund 3) at 0:53
2. Penguins , Mikael Granlund 8 (Brad Marchand 16) at 4:24

Penalties :
No Penalty

3rd period

3. Rangers , Nick Ritchie 7 (Torrey Mitchell 6, Matt Niskanen 10) at 5:21
4. Penguins , Auston Matthews 3 (Brad Marchand 17) at 8:20
5. Rangers , Jason Spezza 7 (Unassisted) at 8:44
6. Rangers , Justin Williams 5 (Mike Ribeiro 9, Kyle Connor 1) at 14:18

Penalties :
Kyle Connor (NYR) for Hooking (Minor) at 0:13

Overtime #1

7. Rangers , Anton Lander 3 (Torrey Mitchell 7, Ian Cole 11) at 4:03

Penalties :
No Penalty

Goalie Stats

Tuukka Rask (PIT), 36 saves from 40 shots - (0,900), OTL, 9-8-2, 64:03 minutes
Henrik Lundqvist (NYR), 31 saves from 34 shots - (0,912), W, 9-6-6, 64:03 minutes

Players Stats for Penguins

Player Name              G  A  P  +/- PIM S  H  SB GA TA FO     MP     PP MP  PK MP  
------------------------------------------------------------------------------------
Andrew MacDonald         0  0  0  -1  0   1  1  2  0  0  0/0    21:37   2:23   0:00 
Auston Matthews          1  0  1  -1  0   4  0  0  0  0  17/28  22:04   3:20   0:00 
Benoit Pouliot           1  0  1   1  0   1  0  2  0  1  0/0    11:48   0:00   0:00 
Brad Marchand            0  2  2   0  0   7  3  0  2  0  0/2    23:16   3:29   0:00 
Brian Boyle              0  0  0  -1  0   3  1  1  1  0  8/17   19:20   2:23   0:00 
Dmitry Orlov             0  0  0   0  0   0  0  0  0  0  0/0    22:20   3:34   0:00 
Joel Armia               0  0  0   1  0   3  4  0  0  0  0/0    11:48   0:00   0:00 
Leo Komarov              0  0  0  -1  0   1  1  0  1  0  1/1    16:28   0:00   0:00 
Marian Gaborik           0  0  0   0  0   2  0  0  0  0  0/0    11:53   2:28   0:00 
Markus Granlund          0  1  1   1  0   2  1  0  0  0  5/9    13:38   2:28   0:00 
Matt Read                0  0  0   0  0   0  2  0  1  0  2/2     9:32   0:00   0:00 
Michael Grabner          0  0  0  -1  0   3  0  1  1  1  1/1    17:37   2:28   0:00 
Mikael Granlund          1  0  1  -1  0   3  2  1  1  0  3/5    23:53   3:29   0:00 
Niklas Kronwall          0  0  0  -1  0   0  1  0  0  0  0/0    19:05   0:00   0:00 
Roman Polak              0  0  0   0  0   1  3  0  0  0  0/0    17:31   0:00   0:00 
Shane Doan               0  0  0   0  0   2  1  0  0  0  0/1     9:49   0:09   0:00 
Trevor van Riemsdyk      0  0  0   1  0   0  0  0  0  1  0/0    16:09   0:00   0:00 
Tyler Myers              0  0  0   0  0   1  1  2  0  0  0/0    24:21   3:34   0:00 

Players Stats for Rangers

Player Name              G  A  P  +/- PIM S  H  SB GA TA FO     MP     PP MP  PK MP  
------------------------------------------------------------------------------------
Anton Lander             1  0  1   1  0   3  2  1  0  1  2/2    12:07   0:00   3:10 
Artemi Panarin           0  0  0   0  0   1  0  0  0  0  0/1    17:51   0:00   0:00 
Ben Smith                0  0  0   0  0   3  0  0  0  2  4/7    13:08   0:00   3:10 
Brayden Schenn           0  0  0  -1  0   2  0  3  0  0  1/2    18:56   0:00   0:51 
Esa Lindell              0  0  0   0  0   2  1  3  0  0  0/0    19:13   0:00   3:52 
Ian Cole                 0  1  1   1  0   3  2  1  0  1  0/0    19:36   0:00   0:00 
Jason Chimera            0  0  0   1  0   3  1  0  0  1  0/0    12:56   0:00   0:25 
Jason Spezza             1  0  1   0  2   1  3  2  0  0  8/27   18:21   0:00   0:00 
Justin Williams          1  0  1   0  0   5  1  0  0  0  0/0    15:47   0:00   0:00 
Kyle Connor              0  1  1   0  2   2  1  1  0  0  1/2    17:21   0:00   0:12 
Marc Methot              0  0  0   0  0   0  2  0  0  0  0/0    16:34   0:00   2:19 
Marc-Andre Bergeron      0  0  0   0  0   0  1  1  0  0  0/0     2:00   0:00   0:00 
Matt Niskanen            0  1  1   0  0   0  1  1  1  1  0/0    20:55   0:00   0:33 
Mike Ribeiro             0  1  1   0  0   1  4  0  0  0  8/18   15:47   0:00   0:00 
Nick Ritchie             1  0  1   0  0   1  1  0  0  0  0/0    11:44   0:00   0:00 
Ron Hainsey              0  0  0   0  0   0  1  1  1  0  0/0    21:45   0:00   2:44 
Shawn Matthias           0  0  0   0  0   2  1  0  0  1  0/0    12:02   0:00   2:10 
Torrey Mitchell          0  2  2   0  0   5  0  1  1  0  5/7    16:04   0:00   1:56 
Zdeno Chara              0  0  0   0  2   6  3  2  0  0  0/0    24:01   0:00   2:26 

3 Stars

1 - Anton Lander (NYR)
2 - Brad Marchand (PIT)
3 - Benoit Pouliot (PIT)

Power Play

Penguins - 0 on 4 Attempt(s) - 0,00%
Rangers - 0 on 0 Attempt(s) - 0,00%

Penalty Kill

Penguins - 0 on 0 Attempt(s) - 0,00% - Score 0 goal in Penalty Kill
Rangers - 4 on 4 Attempt(s) - 100,00% - Score 0 goal in Penalty Kill

Team Stat

Penguins - Hits : 21 - Faceoff Wins : 37 - Blocked Shots : 9 - Penalty Minutes : 0
Rangers - Hits : 25 - Faceoff Wins : 29 - Blocked Shots : 17 - Penalty Minutes : 6

Official

Referees : Graham Skiliter and Mark Lemelin
Linesman : Greg Devorski and Steve Miller

Game Notes

8:44 of 3rd period - Penalty Shot by Jason Spezza for Rangers - Goal!
11:09 of 3rd period - Penguins goal is going for a video replay. After video review, No Goal. The puck has been directed, batted or thrown into the net by an attacking player other than with a stick.

Finance

Level 1 -- Attendance: 4621 (77,02%) -- Ticket Income 462 100 $
Level 2 -- Attendance: 4877 (97,54%) -- Ticket Income 292 620 $
Level 3 -- Attendance: 2000 (100,00%) -- Ticket Income 70 000 $
Level 4 -- Attendance: 3657 (91,43%) -- Ticket Income 73 140 $
Luxury Box -- Attendance: 767 (76,70%) -- Ticket Income 153 400 $
Game was played at the Blue Shirt Stadium.
Total Attendance: 15922 (88,46%)
Total Ticket Income: 1 051 260 $
Other Income: 515 117 $
Total Income: 1 566 377 $

Penguins

5 vs 5 Forward 
   Center                   Left Wing                Right Wing               Time % Phy DF OF 
 1 Auston Matthews          Brad Marchand            Mikael Granlund          34     0   2  3  
 2 Brian Boyle              Michael Grabner          Leo Komarov              30     0   2  3  
 3 Markus Granlund          Benoit Pouliot           Joel Armia               21     0   3  2  
 4 Matt Read                Marian Gaborik           Shane Doan               15     0   3  2  

5 vs 5 Defense 
   Defense                  Defense                                           Time % Phy DF OF 
 1 Tyler Myers              Dmitry Orlov                                      35     1   3  1  
 2 Niklas Kronwall          Andrew MacDonald                                  35     1   3  1  
 3 Roman Polak              Trevor van Riemsdyk                               30     1   2  2  
 4 Trevor van Riemsdyk      Tyler Myers                                       0      1   2  2  

PowerPlay Forward 
   Center                   Left Wing                Right Wing               Time % Phy DF OF 
 1 Auston Matthews          Brad Marchand            Mikael Granlund          60     0   0  5  
 2 Markus Granlund          Michael Grabner          Marian Gaborik           40     1   1  3  

PowerPlay Defense
   Defense                  Defense                                           Time % Phy DF OF 
 1 Tyler Myers              Dmitry Orlov                                      56     1   2  2  
 2 Brian Boyle              Andrew MacDonald                                  44     1   2  2  

Penalty Kill 4 Players Forward 
   Center                   Wing                     Time % Phy DF OF 
 1 Brian Boyle              Michael Grabner          60     1   3  1  
 2 Markus Granlund          Leo Komarov              40     1   3  1  

Penalty Kill 4 Players Defense
   Defense                  Defense                  Time % Phy DF OF 
 1 Tyler Myers              Roman Polak              60     1   4  0  
 2 Trevor van Riemsdyk      Andrew MacDonald         40     0   5  0  

Penalty Kill - 3 Players Forward 
   Forward                                           Time % Phy DF OF 
 1 Brian Boyle                                       60     1   3  1  
 2 Markus Granlund                                   40     1   3  1  

Penalty Kill - 3 Players Defense
   Defense                  Defense                  Time % Phy DF OF 
 1 Tyler Myers              Niklas Kronwall          60     1   3  1  
 2 Roman Polak              Andrew MacDonald         40     1   3  1  

4 vs 4 Forward 
   Center                   Wing                     Time % Phy DF OF 
 1 Mikael Granlund          Brad Marchand            60     1   3  1  
 2 Markus Granlund          Michael Grabner          40     1   3  1  

4 vs 4 Defense
   Defense                  Defense                  Time % Phy DF OF 
 1 Tyler Myers              Brian Boyle              60     1   2  2  
 2 Roman Polak              Andrew MacDonald         40     1   2  2  

Last Minutes Offensive
   Center                   Left Wing                Right Wing               Defense                  Defense                  
   Auston Matthews          Brad Marchand            Mikael Granlund          Tyler Myers              Brian Boyle              

Last Minutes Defensive
   Center                   Left Wing                Right Wing               Defense                  Defense                  
   Brian Boyle              Michael Grabner          Leo Komarov              Tyler Myers              Roman Polak              

Goaltenders
Starting : Tuukka Rask              
Backup : Zane McIntyre            

Extra Forwards
Normal : Shane Doan, Marian Gaborik, Matt Read - PP : Shane Doan, Marian Gaborik - PK : Matt Read
Extra Defensemen
Normal : Niklas Kronwall, Dmitry Orlov, Trevor van Riemsdyk - PP : Niklas Kronwall - PK : Dmitry Orlov, Trevor van Riemsdyk
Penalty Shots
Brad Marchand, Mikael Granlund, Auston Matthews, Leo Komarov, Michael Grabner
Custom OT Lines Forwards
Brad Marchand, Mikael Granlund, Brian Boyle, Leo Komarov, Auston Matthews, Michael Grabner, Markus Granlund, Shane Doan, Marian Gaborik, Matt Read
Custom OT Lines Defensemen
Tyler Myers, Brian Boyle, Roman Polak, Andrew MacDonald, Niklas Kronwall

Scratches
Matt Irwin (Healthy), Tim Schaller (Healthy), Aaron Dell (Healthy), Matt Hackett (Healthy)

Rangers

5 vs 5 Forward 
   Center                   Left Wing                Right Wing               Time % Phy DF OF 
 1 Jason Spezza             Artemi Panarin           Brayden Schenn           36     0   2  3  
 2 Mike Ribeiro             Kyle Connor              Justin Williams          32     0   2  3  
 3 Torrey Mitchell          Nick Ritchie             Jason Chimera            20     0   3  2  
 4 Ben Smith                Shawn Matthias           Anton Lander             12     0   4  1  

5 vs 5 Defense 
   Defense                  Defense                                           Time % Phy DF OF 
 1 Zdeno Chara              Matt Niskanen                                     37     1   2  2  
 2 Ron Hainsey              Ian Cole                                          33     1   2  2  
 3 Marc Methot              Esa Lindell                                       25     1   2  2  
 4 Marc-Andre Bergeron      Esa Lindell                                       5      1   2  2  

PowerPlay Forward 
   Center                   Left Wing                Right Wing               Time % Phy DF OF 
 1 Jason Spezza             Artemi Panarin           Brayden Schenn           60     1   1  3  
 2 Mike Ribeiro             Kyle Connor              Justin Williams          40     1   1  3  

PowerPlay Defense
   Defense                  Defense                                           Time % Phy DF OF 
 1 Matt Niskanen            Marc-Andre Bergeron                               60     1   1  3  
 2 Ron Hainsey              Esa Lindell                                       40     1   1  3  

Penalty Kill 4 Players Forward 
   Center                   Wing                     Time % Phy DF OF 
 1 Ben Smith                Anton Lander             60     1   3  1  
 2 Torrey Mitchell          Shawn Matthias           40     1   3  1  

Penalty Kill 4 Players Defense
   Defense                  Defense                  Time % Phy DF OF 
 1 Zdeno Chara              Esa Lindell              60     1   3  1  
 2 Marc Methot              Ron Hainsey              40     1   3  1  

Penalty Kill - 3 Players Forward 
   Forward                                           Time % Phy DF OF 
 1 Ben Smith                                         60     1   3  1  
 2 Torrey Mitchell                                   40     1   3  1  

Penalty Kill - 3 Players Defense
   Defense                  Defense                  Time % Phy DF OF 
 1 Zdeno Chara              Esa Lindell              60     1   3  1  
 2 Marc Methot              Ron Hainsey              40     1   3  1  

4 vs 4 Forward 
   Center                   Wing                     Time % Phy DF OF 
 1 Torrey Mitchell          Jason Chimera            60     1   2  2  
 2 Ben Smith                Anton Lander             40     1   2  2  

4 vs 4 Defense
   Defense                  Defense                  Time % Phy DF OF 
 1 Matt Niskanen            Ian Cole                 60     1   2  2  
 2 Zdeno Chara              Ron Hainsey              40     1   2  2  

Last Minutes Offensive
   Center                   Left Wing                Right Wing               Defense                  Defense                  
   Brayden Schenn           Artemi Panarin           Jason Chimera            Matt Niskanen            Ian Cole                 

Last Minutes Defensive
   Center                   Left Wing                Right Wing               Defense                  Defense                  
   Ben Smith                Anton Lander             Torrey Mitchell          Zdeno Chara              Esa Lindell              

Goaltenders
Starting : Henrik Lundqvist         
Backup : Philipp Grubauer         

Extra Forwards
Normal : Torrey Mitchell, Kyle Connor, Nick Ritchie - PP : Jason Chimera, Kyle Connor - PK : Shawn Matthias
Extra Defensemen
Normal : Ian Cole, Esa Lindell, Marc Methot - PP : Esa Lindell - PK : Esa Lindell, Ron Hainsey
Penalty Shots
Artemi Panarin, Jason Spezza, Ben Smith, Mike Ribeiro, Justin Williams
Custom OT Lines Forwards
Ben Smith, Torrey Mitchell, Kyle Connor, Shawn Matthias, Jason Chimera, Anton Lander, Artemi Panarin, Brayden Schenn, Jason Spezza, Nick Ritchie
Custom OT Lines Defensemen
Zdeno Chara, Ian Cole, Ron Hainsey, Esa Lindell, Matt Niskanen

Scratches
Alexandre Burrows (Healthy), Gemel Smith (Healthy), Brian Flynn (Healthy), Ben Thomson (Healthy), Darren Kramer (Healthy)
Antoine Laganiere (Healthy), Darren Archibald (Healthy), Paul Thompson (Healthy), Mike Halmo (Healthy)

% Time on Ice - Penguins

Lines # - Real PCT - Wanted PCT - Time Play
Normal Forward
1 - 34% - 34% - 18:13
2 - 27% - 30% - 14:49
3 - 22% - 21% - 11:48
4 - 17% - 15% - 9:13
Normal Defense
1 - 35% - 35% - 18:46
2 - 35% - 35% - 19:08
3 - 30% - 30% - 16:09
4 - 0% - 0% - 0:00
PP Forward
1 - 59% - 60% - 3:29
2 - 41% - 40% - 2:28
PP Defense
1 - 60% - 56% - 3:34
2 - 40% - 44% - 2:23
PK Forward
1 - 0% - 60%
2 - 0% - 40%
PK Defense
1 - 0% - 60%
2 - 0% - 40%
PK3 Forward
1 - 0% - 60%
2 - 0% - 40%
PK3 Defense
1 - 0% - 60%
2 - 0% - 40%
44 Forward
1 - 0% - 60%
2 - 0% - 40%
44 Defense
1 - 0% - 60%
2 - 0% - 40%
Last Minute Offensive  - 0:00
Last Minute Defensive  - 0:00
Total
Forward - 60:00
Defense - 60:00

% Time on Ice - Rangers

Lines # - Real PCT - Wanted PCT - Time Play
Normal Forward
1 - 33% - 36% - 17:58
2 - 30% - 32% - 16:28
3 - 21% - 20% - 11:34
4 - 15% - 12% - 8:03
Normal Defense
1 - 38% - 37% - 20:24
2 - 34% - 33% - 18:20
3 - 25% - 25% - 13:19
4 - 4% - 5% - 2:00
PP Forward
1 - 0% - 60%
2 - 0% - 40%
PP Defense
1 - 0% - 60%
2 - 0% - 40%
PK Forward
1 - 68% - 60% - 4:01
2 - 32% - 40% - 1:56
PK Defense
1 - 74% - 60% - 4:25
2 - 26% - 40% - 1:32
PK3 Forward
1 - 0% - 60%
2 - 0% - 40%
PK3 Defense
1 - 0% - 60%
2 - 0% - 40%
44 Forward
1 - 0% - 60%
2 - 0% - 40%
44 Defense
1 - 0% - 60%
2 - 0% - 40%
Last Minute Offensive  - 0:00
Last Minute Defensive  - 0:00
Total
Forward - 60:00
Defense - 60:00

Play by Play

1st period


0:01 of 1st period - Auston Matthews wins face-off versus Jason Spezza in neutral zone.
0:04 of 1st period - Wrist shot by Brad Marchand.
0:04 of 1st period - Stopped by Henrik Lundqvist with a rebound.
0:16 of 1st period - Slapshot by Jason Spezza.
0:16 of 1st period - Shot Misses the Net.
1:50 of 1st period - Snap shot by Justin Williams.
1:50 of 1st period - Stopped by Tuukka Rask with a rebound.
1:52 of 1st period - Wrist shot by Justin Williams.
1:52 of 1st period - Stopped by Tuukka Rask without a rebound.
1:53 of 1st period - Markus Granlund wins face-off versus Mike Ribeiro in Penguins zone.
2:19 of 1st period - Snap shot by Leo Komarov.
2:19 of 1st period - Shot Misses the Net.
2:21 of 1st period - Slapshot by Niklas Kronwall.
2:21 of 1st period - Shot Misses the Net.
2:50 of 1st period - Andrew MacDonald is hit by Jason Chimera and loses puck.
3:05 of 1st period - Ron Hainsey is hit by Niklas Kronwall and loses puck.
3:26 of 1st period - Wrist shot by Markus Granlund.
3:26 of 1st period - Shot Misses the Net.
3:30 of 1st period - Wrist shot by Joel Armia.
3:30 of 1st period - Stopped by Henrik Lundqvist without a rebound.
3:31 of 1st period - Auston Matthews wins face-off versus Brayden Schenn in Rangers zone.
3:46 of 1st period - Wrist shot by Mikael Granlund.
3:46 of 1st period - Shot Misses the Net.
3:56 of 1st period - Mikael Granlund is hit by Esa Lindell and loses puck.
4:21 of 1st period - Slapshot by Brad Marchand.
4:21 of 1st period - Shot Blocked by Jason Spezza.
4:23 of 1st period - Slapshot by Roman Polak.
4:23 of 1st period - Shot Blocked by Marc-Andre Bergeron.
4:25 of 1st period - Snap shot by Roman Polak.
4:25 of 1st period - Stopped by Henrik Lundqvist without a rebound.
4:26 of 1st period - Mike Ribeiro wins face-off versus Brian Boyle in Rangers zone.
4:51 of 1st period - Michael Grabner is hit by Anton Lander and loses puck.
5:00 of 1st period - Slapshot by Matt Niskanen.
5:00 of 1st period - Shot Blocked by Andrew MacDonald.
5:20 of 1st period - Slapshot by Jason Chimera.
5:20 of 1st period - Shot Blocked by Michael Grabner.
5:22 of 1st period - Wrist shot by Torrey Mitchell.
5:22 of 1st period - Stopped by Tuukka Rask without a rebound.
5:23 of 1st period - Kyle Connor wins face-off versus Markus Granlund in Penguins zone.
5:34 of 1st period - Ian Cole is hit by Joel Armia and loses puck.
5:49 of 1st period - Tyler Myers is hit by Nick Ritchie and loses puck.
6:33 of 1st period - Ben Smith is hit by Roman Polak and loses puck.
6:55 of 1st period - Andrew MacDonald is hit by Mike Ribeiro and loses puck.
7:38 of 1st period - Snap shot by Artemi Panarin.
7:38 of 1st period - Shot Misses the Net.
7:44 of 1st period - Esa Lindell is hit by Andrew MacDonald and loses puck.
7:57 of 1st period - Roman Polak is hit by Mike Ribeiro and loses puck.
8:06 of 1st period - Marc Methot is hit by Roman Polak and loses puck.
8:16 of 1st period - Off-side.
8:17 of 1st period - Michael Grabner wins face-off versus Ben Smith in neutral zone.
8:24 of 1st period - Snap shot by Leo Komarov.
8:24 of 1st period - Shot Misses the Net.
8:59 of 1st period - Minor Penalty to Jason Spezza for Slashing.
9:00 of 1st period - Anton Lander wins face-off versus Auston Matthews in Rangers zone.
9:09 of 1st period - Esa Lindell is hit by Brad Marchand and loses puck.
10:16 of 1st period - Snap shot by Kyle Connor.
10:16 of 1st period - Stopped by Tuukka Rask without a rebound.
10:17 of 1st period - Ben Smith wins face-off versus Auston Matthews in Penguins zone.
10:28 of 1st period - Esa Lindell is hit by Tyler Myers and loses puck.
10:59 of 1st period - Penalty to Jason Spezza is over, Jason Spezza is back on ice.
11:11 of 1st period - Icing by Shawn Matthias.
11:12 of 1st period - Torrey Mitchell wins face-off versus Shane Doan in Rangers zone.
11:12 of 1st period - Torrey Mitchell is hit by Matt Read.
11:18 of 1st period - Dmitry Orlov is hit by Shawn Matthias and loses puck.
11:27 of 1st period - Wrist shot by Jason Spezza.
11:27 of 1st period - Shot Misses the Net.
11:29 of 1st period - Snap shot by Torrey Mitchell.
11:29 of 1st period - Stopped by Tuukka Rask without a rebound.
11:30 of 1st period - Mike Ribeiro wins face-off versus Auston Matthews in Penguins zone.
11:46 of 1st period - Minor Penalty to Zdeno Chara for Delaying the game.
11:47 of 1st period - Ben Smith wins face-off versus Auston Matthews in Rangers zone.
11:47 of 1st period - Ben Smith is hit by Mikael Granlund.
12:23 of 1st period - Wrist shot by Brad Marchand.
12:23 of 1st period - Stopped by Henrik Lundqvist without a rebound.
12:24 of 1st period - Ben Smith wins face-off versus Markus Granlund in Rangers zone.
13:46 of 1st period - Penalty to Zdeno Chara is over, Zdeno Chara is back on ice.
13:53 of 1st period - Brayden Schenn is hit by Joel Armia and loses puck.
14:10 of 1st period - Roman Polak is hit by Mike Ribeiro and loses puck.
14:29 of 1st period - Snap shot by Artemi Panarin.
14:29 of 1st period - Stopped by Tuukka Rask without a rebound.
14:30 of 1st period - Mikael Granlund wins face-off versus Jason Spezza in Penguins zone.
14:53 of 1st period - Snap shot by Michael Grabner.
14:53 of 1st period - Shot Misses the Net.
14:55 of 1st period - Snap shot by Brian Boyle.
14:55 of 1st period - Deflect By Michael Grabner.
14:55 of 1st period - Shot Misses the Net.
14:55 of 1st period - Puck is out of play.
14:56 of 1st period - Jason Spezza wins face-off versus Markus Granlund in Rangers zone.
14:56 of 1st period - Jason Spezza is hit by Joel Armia.
15:02 of 1st period - Benoit Pouliot is hit by Jason Spezza and loses puck.
15:25 of 1st period - Wrist shot by Michael Grabner.
15:25 of 1st period - Stopped by Henrik Lundqvist with a rebound.
15:49 of 1st period - Slapshot by Brad Marchand.
15:49 of 1st period - Shot Misses the Net.
16:34 of 1st period - Snap shot by Brian Boyle.
16:34 of 1st period - Stopped by Henrik Lundqvist with a rebound.
16:36 of 1st period - Slapshot by Dmitry Orlov.
16:36 of 1st period - Deflect By Brian Boyle.
16:36 of 1st period - Stopped by Henrik Lundqvist with a rebound.
16:48 of 1st period - Wrist shot by Shawn Matthias.
16:48 of 1st period - Shot Misses the Net.
16:50 of 1st period - Slapshot by Zdeno Chara.
16:50 of 1st period - Shot Blocked by Benoit Pouliot.
17:10 of 1st period - Andrew MacDonald is hit by Marc-Andre Bergeron.
19:35 of 1st period - Slapshot by Auston Matthews.
19:35 of 1st period - Shot Blocked by Torrey Mitchell.
19:55 of 1st period - Wrist shot by Jason Chimera.
19:55 of 1st period - Stopped by Tuukka Rask without a rebound.
19:56 of 1st period - Markus Granlund wins face-off versus Jason Spezza in Penguins zone.
19:56 of 1st period - Markus Granlund is hit by Zdeno Chara.
Goals for this period are 0 for Penguins vs 0 for Rangers.
Shots for this period are 7 for Penguins vs 7 for Rangers.

2nd period


0:01 of 2nd period - Jason Spezza wins face-off versus Auston Matthews in neutral zone.
0:16 of 2nd period - Snap shot by Auston Matthews.
0:16 of 2nd period - Shot Blocked by Brayden Schenn.
0:26 of 2nd period - Michael Grabner is hit by Justin Williams and loses puck.
0:53 of 2nd period - Snap shot by Benoit Pouliot.
0:53 of 2nd period - Goal by Benoit Pouliot - Penguins : 1 - Rangers : 0.
0:54 of 2nd period - Jason Spezza wins face-off versus Brad Marchand in neutral zone.
1:07 of 2nd period - Wrist shot by Brad Marchand.
1:07 of 2nd period - Shot Blocked by Brayden Schenn.
1:21 of 2nd period - Brian Boyle is hit by Ian Cole and loses puck.
1:52 of 2nd period - Slapshot by Shawn Matthias.
1:52 of 2nd period - Shot Hit the Post.
1:54 of 2nd period - Slapshot by Zdeno Chara.
1:54 of 2nd period - Stopped by Tuukka Rask without a rebound.
1:55 of 2nd period - Mikael Granlund wins face-off versus Jason Spezza in Penguins zone.
2:02 of 2nd period - Snap shot by Brad Marchand.
2:02 of 2nd period - Shot Blocked by Matt Niskanen.
2:04 of 2nd period - Slapshot by Dmitry Orlov.
2:04 of 2nd period - Shot Blocked by Jason Spezza.
2:06 of 2nd period - Slapshot by Auston Matthews.
2:06 of 2nd period - Deflect By Jason Spezza.
2:06 of 2nd period - Stopped by Henrik Lundqvist without a rebound.
2:07 of 2nd period - Auston Matthews wins face-off versus Artemi Panarin in Rangers zone.
2:23 of 2nd period - Wrist shot by Brayden Schenn.
2:23 of 2nd period - Stopped by Tuukka Rask with a rebound.
2:33 of 2nd period - Michael Grabner is hit by Mike Ribeiro and loses puck.
2:58 of 2nd period - Wrist shot by Joel Armia.
2:58 of 2nd period - Shot Blocked by Esa Lindell.
3:00 of 2nd period - Slapshot by Dmitry Orlov.
3:00 of 2nd period - Shot Misses the Net.
3:02 of 2nd period - Snap shot by Tyler Myers.
3:02 of 2nd period - Shot Misses the Net.
3:12 of 2nd period - Snap shot by Torrey Mitchell.
3:12 of 2nd period - Stopped by Tuukka Rask without a rebound.
3:13 of 2nd period - Matt Read wins face-off versus Ben Smith in Penguins zone.
3:24 of 2nd period - Wrist shot by Shawn Matthias.
3:24 of 2nd period - Stopped by Tuukka Rask without a rebound.
3:25 of 2nd period - Mikael Granlund wins face-off versus Jason Spezza in Penguins zone.
3:33 of 2nd period - Off-side.
3:34 of 2nd period - Jason Spezza wins face-off versus Auston Matthews in neutral zone.
3:45 of 2nd period - Auston Matthews is hit by Matt Niskanen and loses puck.
3:58 of 2nd period - Snap shot by Brayden Schenn.
3:58 of 2nd period - Shot Misses the Net.
4:14 of 2nd period - Wrist shot by Brayden Schenn.
4:14 of 2nd period - Shot Blocked by Andrew MacDonald.
4:24 of 2nd period - Snap shot by Mikael Granlund.
4:24 of 2nd period - Goal by Mikael Granlund - Penguins : 2 - Rangers : 0.
4:25 of 2nd period - Mike Ribeiro wins face-off versus Brian Boyle in neutral zone.
4:54 of 2nd period - Wrist shot by Anton Lander.
4:54 of 2nd period - Stopped by Tuukka Rask without a rebound.
4:55 of 2nd period - Auston Matthews wins face-off versus Ben Smith in Penguins zone.
6:05 of 2nd period - Slapshot by Markus Granlund.
6:05 of 2nd period - Deflect By Benoit Pouliot.
6:05 of 2nd period - Shot Misses the Net.
6:05 of 2nd period - Puck is out of play.
6:06 of 2nd period - Mike Ribeiro wins face-off versus Brian Boyle in Rangers zone.
6:06 of 2nd period - Mike Ribeiro is hit by Brian Boyle.
6:32 of 2nd period - Brayden Schenn is hit by Roman Polak and loses puck.
6:59 of 2nd period - Matt Read is hit by Zdeno Chara and loses puck.
7:18 of 2nd period - Slapshot by Anton Lander.
7:18 of 2nd period - Stopped by Tuukka Rask with a rebound.
7:20 of 2nd period - Slapshot by Ian Cole.
7:20 of 2nd period - Stopped by Tuukka Rask without a rebound.
7:21 of 2nd period - Auston Matthews wins face-off versus Mike Ribeiro in Penguins zone.
7:58 of 2nd period - Snap shot by Mike Ribeiro.
7:58 of 2nd period - Shot Blocked by Benoit Pouliot.
8:00 of 2nd period - Snap shot by Kyle Connor.
8:00 of 2nd period - Deflect By Dmitry Orlov.
8:00 of 2nd period - Shot Misses the Net.
8:00 of 2nd period - Puck is out of play.
8:01 of 2nd period - Brian Boyle wins face-off versus Jason Spezza in Penguins zone.
8:28 of 2nd period - Zdeno Chara is hit by Shane Doan and loses puck.
8:35 of 2nd period - Snap shot by Shane Doan.
8:35 of 2nd period - Deflect By Torrey Mitchell.
8:35 of 2nd period - Shot Misses the Net.
8:35 of 2nd period - Puck is out of play.
8:36 of 2nd period - Brian Boyle wins face-off versus Mike Ribeiro in Rangers zone.
8:43 of 2nd period - Snap shot by Mike Ribeiro.
8:43 of 2nd period - Shot Blocked by Brian Boyle.
8:45 of 2nd period - Wrist shot by Ian Cole.
8:45 of 2nd period - Stopped by Tuukka Rask with a rebound.
9:26 of 2nd period - Slapshot by Benoit Pouliot.
9:26 of 2nd period - Shot Misses the Net.
9:28 of 2nd period - Slapshot by Niklas Kronwall.
9:28 of 2nd period - Shot Misses the Net.
9:30 of 2nd period - Slapshot by Niklas Kronwall.
9:30 of 2nd period - Shot Misses the Net.
10:04 of 2nd period - Wrist shot by Torrey Mitchell.
10:04 of 2nd period - Stopped by Tuukka Rask with a rebound.
10:06 of 2nd period - Snap shot by Jason Chimera.
10:06 of 2nd period - Stopped by Tuukka Rask without a rebound.
10:07 of 2nd period - Brian Boyle wins face-off versus Jason Spezza in Penguins zone.
10:07 of 2nd period - Brian Boyle is hit by Ian Cole.
11:05 of 2nd period - Snap shot by Markus Granlund.
11:05 of 2nd period - Stopped by Henrik Lundqvist with a rebound.
11:24 of 2nd period - Snap shot by Marian Gaborik.
11:24 of 2nd period - Shot Misses the Net.
11:35 of 2nd period - Icing by Jason Chimera.
11:36 of 2nd period - Torrey Mitchell wins face-off versus Brian Boyle in Rangers zone.
11:43 of 2nd period - Wrist shot by Michael Grabner.
11:43 of 2nd period - Shot Misses the Net.
13:05 of 2nd period - Snap shot by Kyle Connor.
13:05 of 2nd period - Shot Misses the Net.
13:07 of 2nd period - Slapshot by Justin Williams.
13:07 of 2nd period - Stopped by Tuukka Rask without a rebound.
13:08 of 2nd period - Mike Ribeiro wins face-off versus Brian Boyle in Penguins zone.
13:11 of 2nd period - Wrist shot by Mike Ribeiro.
13:11 of 2nd period - Shot Misses the Net.
13:21 of 2nd period - Backhand shot by Justin Williams.
13:21 of 2nd period - Stopped by Tuukka Rask with a rebound.
13:23 of 2nd period - Slapshot by Zdeno Chara.
13:23 of 2nd period - Stopped by Tuukka Rask without a rebound.
13:24 of 2nd period - Auston Matthews wins face-off versus Jason Spezza in Penguins zone.
13:51 of 2nd period - Brian Boyle is hit by Marc Methot and loses puck.
14:34 of 2nd period - Anton Lander is hit by Matt Read and loses puck.
14:41 of 2nd period - Snap shot by Marian Gaborik.
14:41 of 2nd period - Shot Misses the Net.
14:43 of 2nd period - Backhand shot by Shane Doan.
14:43 of 2nd period - Stopped by Henrik Lundqvist without a rebound.
14:44 of 2nd period - Jason Spezza wins face-off versus Auston Matthews in Rangers zone.
14:44 of 2nd period - Jason Spezza is hit by Mikael Granlund.
14:58 of 2nd period - Snap shot by Jason Spezza.
14:58 of 2nd period - Shot Misses the Net.
15:00 of 2nd period - Snap shot by Zdeno Chara.
15:00 of 2nd period - Stopped by Tuukka Rask with a rebound.
15:35 of 2nd period - Benoit Pouliot is hit by Anton Lander and loses puck.
16:10 of 2nd period - Artemi Panarin is hit by Brad Marchand and loses puck.
16:55 of 2nd period - Ian Cole is hit by Joel Armia and loses puck.
17:20 of 2nd period - Wrist shot by Ben Smith.
17:20 of 2nd period - Stopped by Tuukka Rask without a rebound.
17:21 of 2nd period - Matt Read wins face-off versus Jason Spezza in Penguins zone.
17:32 of 2nd period - Snap shot by Marian Gaborik.
17:32 of 2nd period - Stopped by Henrik Lundqvist without a rebound.
17:33 of 2nd period - Auston Matthews wins face-off versus Jason Spezza in Rangers zone.
18:33 of 2nd period - Slapshot by Zdeno Chara.
18:33 of 2nd period - Deflect By Joel Armia.
18:33 of 2nd period - Stopped by Tuukka Rask without a rebound.
18:34 of 2nd period - Jason Spezza wins face-off versus Brad Marchand in Penguins zone.
19:14 of 2nd period - Off-side.
19:15 of 2nd period - Markus Granlund wins face-off versus Torrey Mitchell in neutral zone.
19:18 of 2nd period - Wrist shot by Joel Armia.
19:18 of 2nd period - Stopped by Henrik Lundqvist without a rebound.
19:19 of 2nd period - Torrey Mitchell wins face-off versus Markus Granlund in Rangers zone.
19:44 of 2nd period - Slapshot by Esa Lindell.
19:44 of 2nd period - Stopped by Tuukka Rask without a rebound.
19:45 of 2nd period - Auston Matthews wins face-off versus Jason Spezza in Penguins zone.
19:54 of 2nd period - Tyler Myers is hit by Jason Spezza and loses puck.
Goals for this period are 2 for Penguins vs 0 for Rangers.
Shots for this period are 7 for Penguins vs 17 for Rangers.

3rd period


0:01 of 3rd period - Auston Matthews wins face-off versus Mike Ribeiro in neutral zone.
0:08 of 3rd period - Wrist shot by Mikael Granlund.
0:08 of 3rd period - Stopped by Henrik Lundqvist without a rebound.
0:09 of 3rd period - Auston Matthews wins face-off versus Mike Ribeiro in Rangers zone.
0:13 of 3rd period - Minor Penalty to Kyle Connor for Hooking.
0:14 of 3rd period - Ben Smith wins face-off versus Auston Matthews in Rangers zone.
0:42 of 3rd period - Slapshot by Dmitry Orlov.
0:42 of 3rd period - Shot Blocked by Esa Lindell.
0:46 of 3rd period - Slapshot by Michael Grabner.
0:46 of 3rd period - Shot Blocked by Zdeno Chara.
0:48 of 3rd period - Snap shot by Markus Granlund.
0:48 of 3rd period - Shot Blocked by Esa Lindell.
0:52 of 3rd period - Slapshot by Marian Gaborik.
0:52 of 3rd period - Shot Blocked by Anton Lander.
1:27 of 3rd period - Ron Hainsey is hit by Markus Granlund and loses puck.
2:13 of 3rd period - Penalty to Kyle Connor is over, Kyle Connor is back on ice.
2:23 of 3rd period - Snap shot by Joel Armia.
2:23 of 3rd period - Stopped by Henrik Lundqvist with a rebound.
2:31 of 3rd period - Benoit Pouliot is hit by Marc Methot and loses puck.
5:21 of 3rd period - Wrist shot by Nick Ritchie.
5:21 of 3rd period - Goal by Nick Ritchie - Penguins : 2 - Rangers : 1.
5:22 of 3rd period - Auston Matthews wins face-off versus Jason Spezza in neutral zone.
5:56 of 3rd period - Snap shot by Michael Grabner.
5:56 of 3rd period - Shot Misses the Net.
5:58 of 3rd period - Slapshot by Michael Grabner.
5:58 of 3rd period - Shot Misses the Net.
6:41 of 3rd period - Wrist shot by Anton Lander.
6:41 of 3rd period - Shot Misses the Net.
7:39 of 3rd period - Wrist shot by Torrey Mitchell.
7:39 of 3rd period - Shot Misses the Net.
7:41 of 3rd period - Snap shot by Torrey Mitchell.
7:41 of 3rd period - Deflect By Nick Ritchie.
7:41 of 3rd period - Shot Misses the Net.
7:41 of 3rd period - Puck is out of play.
7:42 of 3rd period - Jason Spezza wins face-off versus Auston Matthews in Penguins zone.
7:50 of 3rd period - Wrist shot by Brad Marchand.
7:50 of 3rd period - Deflect By Artemi Panarin.
7:50 of 3rd period - Shot Misses the Net.
7:50 of 3rd period - Puck is out of play.
7:51 of 3rd period - Auston Matthews wins face-off versus Jason Spezza in Rangers zone.
7:54 of 3rd period - Wrist shot by Brad Marchand.
7:54 of 3rd period - Stopped by Henrik Lundqvist with a rebound.
7:56 of 3rd period - Wrist shot by Auston Matthews.
7:56 of 3rd period - Shot Blocked by Ron Hainsey.
7:58 of 3rd period - Backhand shot by Dmitry Orlov.
7:58 of 3rd period - Shot Blocked by Brayden Schenn.
8:00 of 3rd period - Snap shot by Mikael Granlund.
8:00 of 3rd period - Shot Hit the Post.
8:02 of 3rd period - Slapshot by Brad Marchand.
8:02 of 3rd period - Stopped by Henrik Lundqvist without a rebound.
8:03 of 3rd period - Auston Matthews wins face-off versus Mike Ribeiro in Rangers zone.
8:10 of 3rd period - Snap shot by Brad Marchand.
8:10 of 3rd period - Shot Misses the Net.
8:12 of 3rd period - Wrist shot by Brad Marchand.
8:12 of 3rd period - Stopped by Henrik Lundqvist without a rebound.
8:13 of 3rd period - Auston Matthews wins face-off versus Mike Ribeiro in Rangers zone.
8:16 of 3rd period - Snap shot by Auston Matthews.
8:16 of 3rd period - Stopped by Henrik Lundqvist with a rebound.
8:18 of 3rd period - Snap shot by Brad Marchand.
8:18 of 3rd period - Stopped by Henrik Lundqvist with a rebound.
8:20 of 3rd period - Snap shot by Brad Marchand.
8:20 of 3rd period - Deflect By Auston Matthews.
8:20 of 3rd period - Goal by Auston Matthews - Penguins : 3 - Rangers : 1.
8:21 of 3rd period - Auston Matthews wins face-off versus Jason Spezza in neutral zone.
8:21 of 3rd period - Brad Marchand is hit by Jason Spezza and loses puck.
8:44 of 3rd period - Penalty Shot by Jason Spezza for Rangers.
8:44 of 3rd period - Wrist shot by Jason Spezza.
8:44 of 3rd period - Goal by Jason Spezza - Penguins : 3 - Rangers : 2.
8:45 of 3rd period - Mike Ribeiro wins face-off versus Brian Boyle in neutral zone.
8:46 of 3rd period - Mike Ribeiro wins face-off versus Brian Boyle in Rangers zone.
8:52 of 3rd period - Slapshot by Ron Hainsey.
8:52 of 3rd period - Deflect By Mike Ribeiro.
8:52 of 3rd period - Shot Misses the Net.
8:52 of 3rd period - Puck is out of play.
8:53 of 3rd period - Brian Boyle wins face-off versus Mike Ribeiro in Penguins zone.
9:00 of 3rd period - Niklas Kronwall is hit by Ron Hainsey and loses puck.
9:31 of 3rd period - Wrist shot by Torrey Mitchell.
9:31 of 3rd period - Shot Misses the Net.
10:01 of 3rd period - Mikael Granlund is hit by Kyle Connor and loses puck.
10:08 of 3rd period - Justin Williams is hit by Brad Marchand and loses puck.
11:03 of 3rd period - Snap shot by Mikael Granlund.
11:03 of 3rd period - Stopped by Henrik Lundqvist without a rebound.
11:04 of 3rd period - Brian Boyle wins face-off versus Jason Spezza in Rangers zone.
11:05 of 3rd period - Snap shot by Leo Komarov.
11:05 of 3rd period - Stopped by Henrik Lundqvist with a rebound.
11:07 of 3rd period - Snap shot by Michael Grabner.
11:07 of 3rd period - Deflect By Jason Spezza.
11:07 of 3rd period - Stopped by Henrik Lundqvist with a rebound.
11:09 of 3rd period - Slapshot by Michael Grabner.
11:09 of 3rd period - Penguins goal is going for a video replay.
11:09 of 3rd period - The goal is refused. The puck has been directed, batted or thrown into the net by an attacking player other than with a stick..
11:10 of 3rd period - Brayden Schenn wins face-off versus Brian Boyle in Rangers zone.
11:20 of 3rd period - Slapshot by Tyler Myers.
11:20 of 3rd period - Stopped by Henrik Lundqvist with a rebound.
11:22 of 3rd period - Snap shot by Brian Boyle.
11:22 of 3rd period - Stopped by Henrik Lundqvist with a rebound.
11:59 of 3rd period - Slapshot by Esa Lindell.
11:59 of 3rd period - Stopped by Tuukka Rask with a rebound.
12:48 of 3rd period - Slapshot by Shane Doan.
12:48 of 3rd period - Stopped by Henrik Lundqvist with a rebound.
12:50 of 3rd period - Slapshot by Marian Gaborik.
12:50 of 3rd period - Stopped by Henrik Lundqvist without a rebound.
12:51 of 3rd period - Brian Boyle wins face-off versus Jason Spezza in Rangers zone.
13:18 of 3rd period - Snap shot by Kyle Connor.
13:18 of 3rd period - Shot Misses the Net.
13:40 of 3rd period - Wrist shot by Markus Granlund.
13:40 of 3rd period - Stopped by Henrik Lundqvist without a rebound.
13:41 of 3rd period - Markus Granlund wins face-off versus Jason Spezza in Rangers zone.
13:42 of 3rd period - Snap shot by Benoit Pouliot.
13:42 of 3rd period - Shot Misses the Net.
13:50 of 3rd period - Wrist shot by Joel Armia.
13:50 of 3rd period - Deflect By Brayden Schenn.
13:50 of 3rd period - Shot Misses the Net.
13:50 of 3rd period - Puck is out of play.
13:51 of 3rd period - Brian Boyle wins face-off versus Jason Spezza in Rangers zone.
14:12 of 3rd period - Snap shot by Jason Spezza.
14:12 of 3rd period - Stopped by Tuukka Rask without a rebound.
14:13 of 3rd period - Mike Ribeiro wins face-off versus Auston Matthews in Penguins zone.
14:14 of 3rd period - Snap shot by Kyle Connor.
14:14 of 3rd period - Stopped by Tuukka Rask with a rebound.
14:16 of 3rd period - Wrist shot by Mike Ribeiro.
14:16 of 3rd period - Stopped by Tuukka Rask with a rebound.
14:18 of 3rd period - Snap shot by Justin Williams.
14:18 of 3rd period - Goal by Justin Williams - Penguins : 3 - Rangers : 3.
14:19 of 3rd period - Auston Matthews wins face-off versus Jason Spezza in neutral zone.
15:38 of 3rd period - Slapshot by Marian Gaborik.
15:38 of 3rd period - Shot Misses the Net.
16:11 of 3rd period - Ron Hainsey is hit by Leo Komarov and loses puck.
16:43 of 3rd period - Wrist shot by Brad Marchand.
16:43 of 3rd period - Deflect By Auston Matthews.
16:43 of 3rd period - Stopped by Henrik Lundqvist without a rebound.
16:44 of 3rd period - Jason Spezza wins face-off versus Auston Matthews in Rangers zone.
17:07 of 3rd period - Markus Granlund is hit by Zdeno Chara and loses puck.
18:15 of 3rd period - Slapshot by Brayden Schenn.
18:15 of 3rd period - Stopped by Tuukka Rask with a rebound.
18:26 of 3rd period - Off-side.
18:27 of 3rd period - Markus Granlund wins face-off versus Mike Ribeiro in neutral zone.
18:30 of 3rd period - Snap shot by Markus Granlund.
18:30 of 3rd period - Shot Misses the Net.
18:32 of 3rd period - Snap shot by Benoit Pouliot.
18:32 of 3rd period - Shot Misses the Net.
19:01 of 3rd period - Slapshot by Matt Read.
19:01 of 3rd period - Shot Misses the Net.
19:11 of 3rd period - Snap shot by Brad Marchand.
19:11 of 3rd period - Shot Blocked by Zdeno Chara.
19:13 of 3rd period - Snap shot by Niklas Kronwall.
19:13 of 3rd period - Shot Blocked by Kyle Connor.
19:15 of 3rd period - Snap shot by Brad Marchand.
19:15 of 3rd period - Stopped by Henrik Lundqvist with a rebound.
19:17 of 3rd period - Backhand shot by Andrew MacDonald.
19:17 of 3rd period - Stopped by Henrik Lundqvist without a rebound.
19:18 of 3rd period - Auston Matthews wins face-off versus Mike Ribeiro in Rangers zone.
Goals for this period are 1 for Penguins vs 3 for Rangers.
Shots for this period are 20 for Penguins vs 7 for Rangers.

Overtime #1


0:01 of 1st overtime period - Torrey Mitchell wins face-off versus Mikael Granlund in neutral zone.
0:14 of 1st overtime period - Snap shot by Torrey Mitchell.
0:14 of 1st overtime period - Stopped by Tuukka Rask with a rebound.
0:16 of 1st overtime period - Slapshot by Ian Cole.
0:16 of 1st overtime period - Shot Blocked by Tyler Myers.
0:35 of 1st overtime period - Snap shot by Shawn Matthias.
0:35 of 1st overtime period - Stopped by Tuukka Rask with a rebound.
1:11 of 1st overtime period - Slapshot by Jason Chimera.
1:11 of 1st overtime period - Shot Misses the Net.
1:53 of 1st overtime period - Wrist shot by Jason Chimera.
1:53 of 1st overtime period - Shot Hit the Post.
1:55 of 1st overtime period - Snap shot by Jason Chimera.
1:55 of 1st overtime period - Shot Misses the Net.
1:57 of 1st overtime period - Slapshot by Jason Chimera.
1:57 of 1st overtime period - Stopped by Tuukka Rask without a rebound.
1:58 of 1st overtime period - Anton Lander wins face-off versus Brian Boyle in Penguins zone.
2:17 of 1st overtime period - Slapshot by Zdeno Chara.
2:17 of 1st overtime period - Shot Misses the Net.
2:19 of 1st overtime period - Slapshot by Zdeno Chara.
2:19 of 1st overtime period - Stopped by Tuukka Rask without a rebound.
2:20 of 1st overtime period - Leo Komarov wins face-off versus Torrey Mitchell in Penguins zone.
2:30 of 1st overtime period - Backhand shot by Leo Komarov.
2:30 of 1st overtime period - Shot Misses the Net.
2:32 of 1st overtime period - Snap shot by Leo Komarov.
2:32 of 1st overtime period - Shot Blocked by Ian Cole.
2:54 of 1st overtime period - Wrist shot by Torrey Mitchell.
2:54 of 1st overtime period - Shot Misses the Net.
2:56 of 1st overtime period - Snap shot by Torrey Mitchell.
2:56 of 1st overtime period - Shot Blocked by Tyler Myers.
2:58 of 1st overtime period - Slapshot by Ian Cole.
2:58 of 1st overtime period - Shot Misses the Net.
3:00 of 1st overtime period - Wrist shot by Ben Smith.
3:00 of 1st overtime period - Stopped by Tuukka Rask with a rebound.
3:02 of 1st overtime period - Slapshot by Ian Cole.
3:02 of 1st overtime period - Stopped by Tuukka Rask without a rebound.
3:03 of 1st overtime period - Brian Boyle wins face-off versus Kyle Connor in Penguins zone.
3:19 of 1st overtime period - Slapshot by Zdeno Chara.
3:19 of 1st overtime period - Deflect By Brian Boyle.
3:19 of 1st overtime period - Stopped by Tuukka Rask without a rebound.
3:20 of 1st overtime period - Torrey Mitchell wins face-off versus Mikael Granlund in Penguins zone.
3:23 of 1st overtime period - Snap shot by Ben Smith.
3:23 of 1st overtime period - Stopped by Tuukka Rask with a rebound.
3:25 of 1st overtime period - Wrist shot by Torrey Mitchell.
3:25 of 1st overtime period - Shot Blocked by Mikael Granlund.
4:03 of 1st overtime period - Slapshot by Anton Lander.
4:03 of 1st overtime period - Goal by Anton Lander - Penguins : 3 - Rangers : 4.
Goals for this period are 0 for Penguins vs 1 for Rangers.
Shots for this period are 0 for Penguins vs 9 for Rangers.